Map: Submarine LE

Players

Nice - Winner!

  • Race: Protoss Protoss
  • League: Grandmaster
  • Spawn Location: 11:00

Has

  • Race: Protoss Protoss
  • Spawn Location: 5:00

Event: DreamHack SC2 Masters 2020 Winter

VOD

Have the link to the VOD?

Description

Time

  • Played on: Oct. 25, 2020, 11:07 a.m.
  • Length: 15:40

All games in this series

Show
View Real Time Build Order
Export as new Build Order

Nice Protoss - Winner!

Build Orders: Oracle Opening 

Get SALT Encoding   

  12  0:00  Probe  
  13  0:12  Probe  
  14  0:19  Pylon  
  14  0:24  Probe  
  15  0:37  Probe (Chrono Boost)  
  15  0:38  Gateway  
  16  0:48  Assimilator, Probe (Chrono Boost)  
  17  0:52  Assimilator  
  17  0:53  Probe (Chrono Boost)  
  19  1:04  Probe (Chrono Boost)  
  19  1:08  Gateway  
  19  1:13  Probe (Chrono Boost)  
  20  1:18  Probe  
  20  1:25  Cybernetics Core  
  21  1:30  Probe  
  22  1:35  Pylon  
  22  1:42  Probe  
  23  1:54  Probe  
  23  1:59  Warp Gate (Chrono Boost)  
  24  2:05  Stalker x2  
  28  2:12  Pylon  
  29  2:17  Pylon  
  29  2:21  Shield Battery  
  28  2:27  Probe  
  29  2:35  Stalker  
  29  2:36  Stalker  
  33  2:42  Stargate  
  32  2:47  Probe  
  33  3:14  Nexus  
  33  3:17  Probe  
  33  3:23  Oracle (Chrono Boost)  
  36  3:31  Shield Battery  
  37  3:47  Stalker  
  38  3:49  Pylon  
  38  3:51  Shield Battery  
  38  4:01  Probe  
  39  4:07  Oracle (Chrono Boost)  
  42  4:14  Probe  
  41  4:22  Stalker  
  43  4:24  Stalker  
  43  4:26  Probe  
  46  4:37  Probe  
  46  4:38  Probe  
  48  4:41  Phoenix (Chrono Boost)  
  50  4:49  Pylon, Probe  
  50  4:50  Probe  
  52  4:55  Stalker  
  54  5:00  Phoenix  
  54  5:03  Probe  
  54  5:04  Probe  
  58  5:15  Probe  
  58  5:17  Probe  
  58  5:19  Shield Battery  
  54  5:25  Phoenix (Chrono Boost)  
  54  5:27  Probe  
  57  5:29  Probe  
  57  5:30  Robotics Facility  
  58  5:37  Pylon  
  58  5:40  Probe  
  58  5:41  Probe  
  60  5:43  Assimilator  
  60  5:47  Shield Battery  
  60  5:52  Probe  
  60  5:53  Probe  
  62  5:59  Pylon  
  62  6:03  Assimilator, Phoenix (Chrono Boost)  
  62  6:04  Probe  
  65  6:06  Zealot, Probe, Sentry  
  65  6:09  Pylon  
  72  6:29  Observer (Chrono Boost)  
  72  6:32  Forge  
  71  6:35  Twilight Council  
  71  6:36  Gateway x2, Probe  
  71  6:37  Probe  
  71  6:39  Gateway  
  73  6:44  Gateway  
  73  6:52  Observer  
  73  6:55  Observer (Chrono Boost)  
  73  6:57  Stalker, Sentry  
  78  7:06  Protoss Ground Weapons Level 1  
  78  7:10  Nexus  
  78  7:11  Pylon  
  78  7:13  Blink (Chrono Boost)  
  78  7:21  Stalker  
  80  7:24  Shield Battery  
  80  7:25  Stalker  
  82  7:33  Probe  
  82  7:35  Probe  
  84  7:41  Stalker x3  
  90  7:46  Stalker  
  92  7:52  Probe x2  
  94  8:04  Probe x2  
  96  8:11  Stalker x3  
  102  8:16  Photon Cannon  
  102  8:19  Photon Cannon  
  102  8:20  Warp Prism (Chrono Boost)  
  104  8:31  Probe  
  104  8:32  Probe  
  104  8:33  Probe  
  98  9:00  Probe x2  
  98  9:01  Stalker x6  
  108  9:03  Probe  
  108  9:08  Photon Cannon  
  109  9:13  Probe x2  
  109  9:15  Protoss Ground Weapons Level 2 (Chrono Boost)  
  109  9:16  Probe  
  112  9:25  Probe  
  107  9:32  Probe x2  
  107  9:37  Probe  
  110  9:44  Probe  
  107  9:57  Stalker x3  
  107  9:58  Stalker x2  
  115  10:01  Stalker  
  115  10:07  Observer  
  109  10:22  Stalker x2, Sentry x2  
  109  10:24  Gateway  
  109  10:25  Gateway  
  107  10:42  Stalker x2  
  97  11:04  Stalker x3  
  97  11:05  Stalker x3  
  97  11:08  Robotics Bay, Charge  
  97  11:09  Robotics Facility  
  107  11:16  Shield Battery x2  
  107  11:17  Shield Battery  
  107  11:18  Pylon  
  107  11:19  Shield Battery  
  107  11:20  Shield Battery  
  107  11:22  Shield Battery x2  
  107  11:30  Stalker x2  
  107  11:31  Stalker x3  
  117  11:39  Pylon  
  117  11:40  Pylon  
  117  11:42  Dark Shrine  
  107  11:58  Stalker x3  
  107  11:59  Stalker x5  
  111  12:06  Assimilator, Probe  
  111  12:07  Assimilator, Probe x2  
  114  12:08  Pylon  
  114  12:19  Disruptor (Chrono Boost)  
  114  12:22  Probe x3  
  120  12:26  Disruptor (Chrono Boost)  
  115  12:37  Zealot x5, Observer  
  115  12:40  Protoss Ground Weapons Level 3 (Chrono Boost)  
  125  12:47  Probe  
  126  13:03  Dark Templar x2  
  128  13:07  Zealot x6  
  138  13:13  Pylon  
  136  13:24  Disruptor x2 (Chrono Boost)  
  136  13:25  Nexus  
  142  13:33  Dark Templar  
  138  13:44  Probe x3  
  138  13:45  Stalker x2  
  138  13:46  Stalker  
  143  13:56  Probe  
  143  13:57  Disruptor x2 (Chrono Boost)  
  148  14:03  Pylon, Probe x2  
  148  14:07  Assimilator  
  148  14:08  Assimilator, Probe  
  147  14:15  Probe x2  
  141  14:30  Stalker x5  
  141  14:31  Stalker  
  149  14:36  Disruptor  
  152  14:44  Observer  
  150  15:02  Zealot x4  
  150  15:03  Zealot x4  
Show
View Real Time Build Order
Export as new Build Order

Has Protoss 

Build Orders: Oracle Opening 

Get SALT Encoding   

  12  0:00  Probe  
  13  0:12  Probe  
  14  0:16  Pylon  
  14  0:24  Probe (Chrono Boost)  
  16  0:36  Gateway, Probe (Chrono Boost)  
  16  0:41  Probe (Chrono Boost)  
  17  0:45  Assimilator  
  17  0:52  Probe  
  17  0:54  Assimilator  
  18  1:03  Gateway  
  18  1:06  Probe  
  19  1:18  Probe  
  20  1:25  Cybernetics Core  
  20  1:26  Pylon  
  20  1:30  Probe  
  21  1:42  Probe  
  22  1:54  Probe  
  22  2:01  Stalker x2  
  25  2:02  Warp Gate  
  25  2:06  Probe  
  28  2:08  Pylon  
  28  2:18  Probe  
  29  2:25  Robotics Facility  
  29  2:31  Probe  
  29  2:34  Stalker  
  32  2:43  Probe  
  32  2:47  Stargate  
  32  2:55  Probe  
  33  2:59  Pylon  
  33  3:07  Probe  
  34  3:13  Nexus  
  34  3:19  Probe  
  35  3:28  Oracle (Chrono Boost)  
  35  3:31  Probe  
  39  3:43  Gateway  
  39  3:48  Pylon  
  39  3:50  Stalker  
  39  3:51  Stalker  
  43  4:03  Pylon  
  43  4:06  Probe  
  44  4:10  Pylon  
  44  4:21  Pylon, Probe  
  39  4:33  Probe  
  39  4:35  Phoenix (Chrono Boost)  
  39  4:44  Shield Battery  
  41  4:51  Adept x2  
  41  4:52  Probe  
  44  4:55  Probe (Chrono Boost)  
  45  5:04  Probe (Chrono Boost)  
  47  5:07  Probe (Chrono Boost)  
  47  5:14  Probe (Chrono Boost)  
  46  5:15  Probe (Chrono Boost)  
  46  5:19  Probe (Chrono Boost)  
  44  5:21  Probe (Chrono Boost)  
  45  5:28  Robotics Facility  
  45  5:31  Probe (Chrono Boost)  
  45  5:33  Probe (Chrono Boost)  
  47  5:41  Probe (Chrono Boost)  
  47  5:42  Probe (Chrono Boost)  
  49  5:46  Probe (Chrono Boost)  
  49  5:48  Probe  
  47  5:57  Probe  
  47  6:00  Probe  
  47  6:03  Phoenix  
  51  6:05  Shield Battery  
  51  6:09  Assimilator, Probe  
  52  6:12  Probe  
  52  6:15  Assimilator  
  53  6:21  Probe  
  53  6:24  Probe  
  53  6:25  Pylon  
  52  6:28  Observer  
  52  6:30  Phoenix  
  55  6:33  Probe (Chrono Boost)  
  55  6:36  Probe (Chrono Boost)  
  57  6:45  Probe (Chrono Boost)  
  59  6:47  Probe (Chrono Boost)  
  59  6:50  Probe (Chrono Boost)  
  59  6:52  Probe (Chrono Boost)  
  61  6:56  Stargate  
  61  6:57  Phoenix  
  61  7:00  Probe  
  64  7:02  Probe  
  64  7:03  Pylon  
  64  7:07  Shield Battery  
  65  7:08  Pylon  
  65  7:12  Probe  
  66  7:17  Probe  
  66  7:20  Stargate  
  66  7:22  Phoenix  
  69  7:25  Probe  
  71  7:37  Immortal (Chrono Boost)  
  74  7:45  Probe x2  
  74  7:49  Phoenix  
  74  7:50  Phoenix  
  80  8:00  Gateway  
  80  8:01  Gateway  
  80  8:06  Immortal (Chrono Boost)  
  80  8:08  Robotics Facility, Sentry  
  80  8:09  Zealot  
  80  8:12  Forge  
  87  8:15  Phoenix  
  87  8:19  Probe  
  90  8:21  Pylon  
  90  8:38  Nexus  
  90  8:40  Pylon  
  90  8:41  Robotics Bay  
  90  8:43  Phoenix  
  88  8:59  Phoenix  
  88  9:01  Immortal (Chrono Boost)  
  88  9:06  Zealot x2  
  96  9:16  Zealot x2, Immortal (Chrono Boost)  
  104  9:22  Pylon  
  104  9:24  Pylon  
  103  9:40  Immortal (Chrono Boost)  
  103  9:45  Pylon  
  107  9:52  Disruptor (Chrono Boost)  
  98  10:09  Warp Prism (Chrono Boost)  
  98  10:14  Zealot x2  
  102  10:19  Probe  
  103  10:22  Pylon  
  103  10:23  Pylon  
  103  10:25  Pylon  
  103  10:26  Pylon  
  103  10:27  Immortal (Chrono Boost)  
  105  10:36  Pylon  
  105  10:37  Pylon  
  105  10:41  Phoenix  
  98  11:07  Phoenix  
  100  11:16  Disruptor  
  100  11:17  Disruptor  
  106  11:21  Nexus  
  106  11:28  Pylon  
  97  11:55  Phoenix (Chrono Boost)  
  97  12:01  Probe  
  98  12:09  Cybernetics Core  
  98  12:10  Zealot x2  
  98  12:12  Disruptor (Chrono Boost)  
  98  12:14  Phoenix (Chrono Boost)  
  99  12:36  Phoenix  
  101  12:51  Zealot x2  
  101  12:54  Observer (Chrono Boost)  
  91  13:40  Observer (Chrono Boost)  
  89  13:42  Zealot x2  
  89  13:43  Probe x2  
  89  13:44  Observer (Chrono Boost)  
  92  13:55  Probe x2  
  94  14:07  Probe  
  94  14:08  Probe  
  96  14:20  Probe x2  
  91  14:24  Zealot  
  89  14:32  Probe x2  
  91  14:39  Zealot  
  91  14:41  Warp Prism  
  91  14:44  Probe  
Tags
 
Add a new tag
Caveats
  • Supply blocks, unpowered buildings, or Contaminate may cause inaccurate times.
  • Supply counts are checked every 10 seconds.